[Event "Titled Tuesday Blitz January 25 2022"]
[White "Korchmar, Vasiliy"]
[Black "Karas, Marek"]
[WhiteFideId "24131750"]
[BlackFideId "14928558"]
[WhiteElo "2370"]
[BlackElo "2270"]
[Result "1-0"]
[Round "10"]
[TimeControl "180+1"]
[Date "2022.01.26"]
[WhiteClock "0:02:07"]
[BlackClock "0:01:37"]

1. d4 Nf6 2. Bf4 d5 3. e3 c5 4. Nf3 Nc6 5. Nbd2 e6 6. c3 cxd4 7. exd4 Nh5 8. Bg3 Nxg3 9. hxg3 g6 10. Bd3 Bg7 11. O-O Bd7 12. Re1 O-O 13. Nf1 Rc8 14. Ne3 a6 15. Ng4 b5 16. a4 Qb6 17. axb5 axb5 18. b4 Rfd8 19. Qd2 Be8 20. Nh6+ Kf8 21. Qf4 Qc7 22. Qh4 Bxh6 23. Qxh6+ Kg8 24. Ng5 Ra8 25. Qxh7+ Kf8 26. Rxa8 Rxa8 27. Nxe6+ 1-0


[Site "https://www.chess.com"]

[Event "Titled Tuesday Blitz January 25 2022"]
[White "Kosakowski, Jakub"]
[Black "Kashefi, Amir Hosein"]
[WhiteFideId "1185080"]
[BlackFideId "12557935"]
[WhiteElo "2476"]
[BlackElo "2098"]
[Result "1-0"]
[Round "10"]
[TimeControl "180+1"]
[Date "2022.01.26"]
[WhiteClock "0:01:27"]
[BlackClock "0:00:02"]

1. Na3 d5 2. c4 e6 3. Nf3 Nf6 4. d4 Bxa3 5. Qa4+ Nc6 6. Qxa3 dxc4 7. e3 b5 8. Qc5 Qd5 9. a4 Qxc5 10. dxc5 Nb4 11. Nd4 e5 12. Bd2 Nd3+ 13. Bxd3 exd4 14. Bf1 dxe3 15. Bxe3 c6 16. b3 a5 17. bxc4 b4 18. Be2 Bf5 19. f3 O-O-O 20. Kf2 Rhe8 21. Rhd1 Bc2 22. Rd6 Kb7 23. Bd4 b3 24. Bd1 Rxd6 25. cxd6 c5 26. Bc3 Bxd1 27. Rxd1 Kc6 28. Bxa5 Ra8 29. Bc3 Nd7 30. a5 f6 31. Rb1 Rb8 32. Ke3 Kxd6 33. Kd3 Kc6 34. Bd2 Rb7 35. Kc3 Ne5 36. Rxb3 Ra7 37. Rb6+ Kc7 38. Kb3 Nc6 39. Ka4 Nd4 40. Bf4+ Kd7 41. a6 Kc8 42. Rb8+ Kd7 43. Rb7+ 1-0


[Site "https://www.chess.com"]

[Event "Titled Tuesday Blitz January 25 2022"]
[White "Kosteniuk, Alexandra"]
[Black "Brunner, Nicolas"]
[WhiteFideId "4128125"]
[BlackFideId "620246"]
[WhiteElo "2469"]
[BlackElo "2372"]
[Result "1-0"]
[Round "10"]
[TimeControl "180+1"]
[Date "2022.01.26"]
[WhiteClock "0:00:34"]
[BlackClock "0:00:01"]

1. e4 e5 2. Nf3 Nc6 3. Bb5 a6 4. Ba4 Nf6 5. d4 exd4 6. O-O Be7 7. e5 Ne4 8. Nxd4 O-O 9. Nf5 d5 10. Nxe7+ Qxe7 11. Qxd5 Bf5 12. Bxc6 Rfd8 13. Qc4 bxc6 14. f3 Qc5+ 15. Qxc5 Nxc5 16. Be3 Nd7 17. f4 Bxc2 18. Na3 Be4 19. Nc4 Rab8 20. Rfd1 Nf8 21. b3 Ne6 22. Kf2 g6 23. g4 Bc2 24. Rdc1 Be4 25. Na5 Nd4 26. Rc4 Nc2 27. Rxe4 Nxa1 28. Nxc6 Nc2 29. Nxb8 Rxb8 30. Bc5 a5 31. Rc4 Nb4 32. Bxb4 axb4 33. Rxc7 Ra8 34. Rc2 Kf8 35. Ke3 Ke7 36. Ke4 h5 37. h3 hxg4 38. hxg4 Ra5 39. f5 gxf5+ 40. gxf5 Ke8 41. Rc8+ Kd7 42. Rf8 Ke7 43. Rb8 Rxa2 44. f6+ Kd7 45. Rb7+ Ke8 46. Rxb4 Re2+ 47. Kd5 Rd2+ 48. Kc6 Rc2+ 49. Rc4 Re2 50. Kd5 Rb2 51. Rc8+ Kd7 52. Rf8 Rd2+ 53. Ke4 1-0


[Site "https://www.chess.com"]

[Event "Titled Tuesday Blitz January 25 2022"]
[White "Kretov, Evgenij"]
[Black "Triapishko, Alexandr"]
[WhiteFideId "4167821"]
[BlackFideId "14122286"]
[WhiteElo "2303"]
[BlackElo "2479"]
[Result "0-1"]
[Round "10"]
[TimeControl "180+1"]
[Date "2022.01.26"]
[WhiteClock "0:00:16"]
[BlackClock "0:00:02"]

1. d4 Nf6 2. c4 e6 3. Nc3 Bb4 4. Bg5 h6 5. Bh4 c5 6. d5 exd5 7. cxd5 d6 8. e3 Nbd7 9. Bd3 Bxc3+ 10. bxc3 Qa5 11. Ne2 Nxd5 12. O-O Nxc3 13. Nxc3 Qxc3 14. Rc1 Qe5 15. Bg3 Qf6 16. Bb5 Ke7 17. Qd2 Ne5 18. f4 Nc6 19. Kh1 h5 20. e4 Qd4 21. Qe1 f6 22. e5 Bf5 23. exd6+ Kf7 24. Bxc6 bxc6 25. Qe7+ Kg6 26. Rcd1 Rhe8 27. Qc7 Qc4 28. d7 Red8 29. Rfe1 Qf7 30. Qxc6 Bxd7 31. Qxc5 Bf5 32. Rxd8 Rxd8 33. Bf2 Qxa2 34. Qxa7 Qxa7 35. Bxa7 Rd2 36. Kg1 Rc2 37. Bf2 Rc4 38. Be3 Be4 39. Re2 Kf5 40. Kf2 Rc3 41. Bd2 Rb3 42. Be3 h4 43. h3 Rb1 44. Ra2 Rh1 45. Ra5+ Kg6 46. Ra2 Rd1 47. Rd2 Rb1 48. Rd4 Bf5 49. Rd2 Rb7 50. Ra2 Rf7 51. Rd2 Re7 52. Re2 Re8 53. Rd2 Ra8 54. Re2 Be4 55. Rd2 Kf5 56. Rb2 Ra5 57. Rd2 Ra1 58. Rb2 Rh1 59. Rb5+ Ke6 60. Rb2 Kd5 61. Rd2+ Kc6 62. Rd4 f5 63. Rd2 Ra1 64. Rb2 Kd5 65. Rd2+ Kc4 66. Rd4+ Kb3 67. Rd2 Rb1 68. Re2 g6 69. Rd2 Kc3 70. Re2 Bd3 71. Rd2 Rf1# 0-1


[Site "https://www.chess.com"]

[Event "Titled Tuesday Blitz January 25 2022"]
[White "Lavrov, Maxim"]
[Black "Cherniaiev, Tykhon"]
[WhiteFideId "4166418"]
[BlackFideId "14182360"]
[WhiteElo "2192"]
[BlackElo "2289"]
[Result "0-1"]
[Round "10"]
[TimeControl "180+1"]
[Date "2022.01.26"]
[WhiteClock "0:00:21"]
[BlackClock "0:00:26"]

1. Nf3 Nf6 2. g3 d5 3. Bg2 c6 4. O-O Bf5 5. d3 h6 6. b3 e6 7. Bb2 Be7 8. Nbd2 O-O 9. Re1 Bh7 10. e4 dxe4 11. Nxe4 Nbd7 12. Nfd2 Nxe4 13. dxe4 Qc7 14. e5 Rad8 15. Qe2 Bxc2 16. Ne4 Bxe4 17. Bxe4 Nc5 18. Bc2 Qa5 19. Qc4 Qb5 20. Qg4 Rd2 21. Rac1 Nd3 22. Qe4 Rxc2 23. Rxc2 Nxe1 24. Qxe1 Rd8 25. Rd2 Qa5 26. Bc3 Qc7 27. Qe3 Rxd2 28. Bxd2 Qd7 29. Bc3 c5 30. Qe4 Qd5 31. Qa4 Qf3 32. Ba5 Qd1+ 33. Kg2 Qd5+ 34. f3 Qxe5 35. Qe8+ Bf8 36. Bd8 Qd6 37. h4 b5 38. h5 c4 39. Bh4 c3 40. Qc8 Qc5 0-1


[Site "https://www.chess.com"]

[Event "Titled Tuesday Blitz January 25 2022"]
[White "Le, Tuan Minh"]
[Black "Sviridov, Valery"]
[WhiteFideId "12401153"]
[BlackFideId "4120680"]
[WhiteElo "2450"]
[BlackElo "2454"]
[Result "1/2-1/2"]
[Round "10"]
[TimeControl "180+1"]
[Date "2022.01.26"]
[WhiteClock "0:00:19"]
[BlackClock "0:00:37"]

1. d4 g6 2. Nf3 Bg7 3. c3 d6 4. e4 Nf6 5. Bd3 O-O 6. O-O Nc6 7. Bg5 h6 8. Bh4 g5 9. Bg3 Nh5 10. Nbd2 e6 11. Ne1 Nxg3 12. hxg3 e5 13. d5 Ne7 14. g4 c6 15. c4 Ng6 16. g3 Qd7 17. Be2 Qd8 18. Nc2 Bd7 19. Ne3 Ne7 20. Kg2 Rc8 21. Rh1 Qb6 22. b3 Qd4 23. Nf3 Qxd1 24. Raxd1 cxd5 25. cxd5 b5 26. Rc1 Rxc1 27. Rxc1 Rc8 28. Rxc8+ Nxc8 29. Nd2 Bf6 30. Nf5 Kh7 31. b4 Bd8 32. Nb3 a6 33. Bd3 Kg6 34. f3 Bb6 35. Kf1 h5 36. gxh5+ Kxh5 37. g4+ Kg6 38. Ng3 Ne7 39. Ke2 f6 40. Nd2 Kf7 41. Kd1 Ng6 42. Ne2 Nf4 43. Nxf4 gxf4 44. Ke2 Kg6 45. Nb3 Kg5 46. Kf1 Kh4 47. Kg2 Kg5 48. Be2 Be3 49. Bd1 Bb6 50. Be2 Kg6 51. Bd3 Kf7 52. Be2 Ke7 53. Kh3 Bf2 54. Kg2 Be1 55. a3 Bc3 56. Na5 Bb2 57. a4 Bc3 58. axb5 axb5 59. Nc6+ Bxc6 60. dxc6 Bxb4 61. Bxb5 Ba5 62. Bc4 Kd8 63. Kh3 Kc7 64. Bd5 Be1 65. Kg2 Bh4 66. Kf1 Bg3 67. Ke2 Bh4 68. Kd3 Bg3 69. Kc4 Bh4 70. Kb5 Bg5 71. Be6 Bh4 72. Bd7 Bg5 73. Kc4 Bh4 74. Kd5 Bg5 75. Ke6 Bh4 76. Kf5 Bg5 77. Kg6 Bh4 78. Kh6 Bg5+ 79. Kh5 Kd8 80. Be6 Kc7 81. Bd5 Kd8 82. Kg6 Kc7 83. Kf5 Bh4 84. Kg6 Bg5 85. Kf5 Kd8 86. Kg6 Kc7 1/2-1/2


[Site "https://www.chess.com"]

[Event "Titled Tuesday Blitz January 25 2022"]
[White "Lehtosaari, Mauri"]
[Black "Rustemov, Alexander"]
[WhiteFideId "501999"]
[BlackFideId "4119002"]
[WhiteElo "2487"]
[BlackElo "2703"]
[Result "0-1"]
[Round "10"]
[TimeControl "180+1"]
[Date "2022.01.26"]
[WhiteClock "0:00:05"]
[BlackClock "0:00:10"]

1. d4 Nf6 2. Nf3 e6 3. Bg5 c5 4. e3 b6 5. Nbd2 cxd4 6. exd4 Bb7 7. Bd3 Be7 8. O-O d6 9. c3 Nbd7 10. a4 a6 11. Re1 O-O 12. Qe2 Re8 13. h3 h6 14. Bh4 Qc7 15. Bg3 Bf8 16. Nc4 Nd5 17. Ne3 N7f6 18. Nxd5 Nxd5 19. Nd2 Nf6 20. Nc4 Bd5 21. Ne3 Bb7 22. Nc4 b5 23. axb5 axb5 24. Ne3 b4 25. Rac1 bxc3 26. bxc3 Ra3 27. Qb2 Rea8 28. Ra1 Qxc3 29. Qxc3 Rxc3 30. Rxa8 Bxa8 31. Rd1 Bc6 32. Nc4 Bb5 33. Nb2 Bxd3 34. Nxd3 Nd5 35. Nf4 Nxf4 36. Bxf4 d5 37. Rb1 Rc8 38. Rb7 g6 39. Kf1 Bg7 40. Be3 h5 41. Ke2 Bf6 42. g4 hxg4 43. hxg4 Kg7 44. Kd3 Ra8 45. g5 Bd8 46. Rd7 Kf8 47. Bf4 Ke8 48. Rb7 Ra3+ 49. Ke2 Ra8 50. Kd3 Rc8 51. Be3 Rc7 52. Rb8 Kd7 53. Bf4 Ra7 54. Be3 Be7 55. Bf4 Ra3+ 56. Ke2 Ra7 57. Kd3 Bd6 58. Bxd6 Kxd6 59. Rb6+ Ke7 60. Ke3 Ra3+ 61. Kf4 Rd3 62. Ke5 Rf3 63. Rb7+ Kf8 64. Kd6 Rxf2 65. Rb8+ Kg7 66. Ke7 Rf4 67. Rb4 Rf5 68. Rb1 Rxg5 69. Rf1 Rf5 70. Rg1 Rf4 71. Rd1 g5 72. Kd6 Kg6 73. Ke5 Re4+ 74. Kd6 g4 75. Ke7 f5 76. Kd6 Kg5 0-1


[Site "https://www.chess.com"]

[Event "Titled Tuesday Blitz January 25 2022"]
[White "Martin Carmona, Gaston Manuel"]
[Black "Golizadeh, Asghar"]
[WhiteFideId "22284567"]
[BlackFideId "12505269"]
[WhiteElo "2161"]
[BlackElo "2403"]
[Result "0-1"]
[Round "10"]
[TimeControl "180+1"]
[Date "2022.01.26"]
[WhiteClock "0:01:01"]
[BlackClock "0:01:14"]

1. e4 c5 2. c3 g6 3. d4 cxd4 4. cxd4 d5 5. e5 Bg7 6. Nc3 Nh6 7. Nf3 O-O 8. h3 Nc6 9. Bb5 f6 10. O-O Nf7 11. Re1 fxe5 12. dxe5 e6 13. Bxc6 bxc6 14. b3 Bb7 15. Ba3 Re8 16. Na4 Qc7 17. Nc5 Rad8 18. Rc1 Bc8 19. Qd4 Qa5 20. Bb2 Nd6 21. a4 Nf5 22. Qd3 Qc7 23. g4 Ne7 24. Kg2 h6 25. Qd2 g5 26. Nd4 Ng6 27. Nf3 Qf7 28. Nd3 Rf8 29. Qe3 Qxf3+ 30. Qxf3 Nh4+ 31. Kg1 Nxf3+ 0-1


[Site "https://www.chess.com"]

[Event "Titled Tuesday Blitz January 25 2022"]
[White "Martinez Alcantara, Jose Eduardo"]
[Black "Maghsoodloo, Parham"]
[WhiteFideId "3805662"]
[BlackFideId "12539929"]
[WhiteElo "2690"]
[BlackElo "2630"]
[Result "1-0"]
[Round "10"]
[TimeControl "180+1"]
[Date "2022.01.26"]
[WhiteClock "0:00:06"]
[BlackClock "0:00:04"]

1. e4 c5 2. Nf3 Nc6 3. c3 d5 4. Bd3 g6 5. Qe2 Bg7 6. h3 Nf6 7. e5 Nd7 8. Bb5 O-O 9. Bxc6 bxc6 10. O-O c4 11. b3 Ba6 12. Ba3 e6 13. Bxf8 Qxf8 14. b4 c5 15. b5 Bxb5 16. Na3 Ba4 17. Rab1 a6 18. Rfe1 Qd8 19. d3 cxd3 20. Qxd3 Qa5 21. c4 d4 22. Re2 Rc8 23. Nc2 Bh6 24. Nce1 Nb8 25. Qa3 Nc6 26. Nd3 Qc3 27. Qxa4 Qxd3 28. Ree1 Nb4 29. Red1 Qxc4 30. a3 Qc2 31. Qd7 Nd3 32. Qxc8+ Kg7 33. Rf1 Nxf2 34. Rb8 Nxh3+ 35. gxh3 Be3+ 36. Kh1 Kh6 37. Qd8 Qe2 38. Qh4+ Kg7 39. Qf6+ Kh6 40. Nh2 Bg5 41. Qf3 Qc2 42. Ng4+ Kh5 43. Rh8 h6 44. Nf6+ Kh4 45. Qg4# 1-0


[Site "https://www.chess.com"]

[Event "Titled Tuesday Blitz January 25 2022"]
[White "Martinez, Shawn"]
[Black "Yang, Kaiqi"]
[WhiteFideId "2039770"]
[BlackFideId "8604398"]
[WhiteElo "2174"]
[BlackElo "2373"]
[Result "0-1"]
[Round "10"]
[TimeControl "180+1"]
[Date "2022.01.26"]
[WhiteClock "0:00:02"]
[BlackClock "0:00:12"]

1. e4 c5 2. Nc3 Nc6 3. Bb5 Nd4 4. Nf3 e6 5. O-O Ne7 6. Nxd4 cxd4 7. Ne2 Qb6 8. Bd3 Nc6 9. b3 a5 10. a3 Bc5 11. Bb2 O-O 12. f4 f5 13. exf5 exf5 14. Bc4+ Kh8 15. Nc1 Qd8 16. Nd3 d5 17. Nxc5 dxc4 18. bxc4 b6 19. Nd3 Ba6 20. Qf3 Rc8 21. Qd5 Qf6 22. Rae1 Rfd8 23. Qe6 Qxe6 24. Rxe6 Bxc4 25. Ree1 Kg8 26. Rf3 Bxd3 27. Rxd3 Kf7 28. Kf2 b5 29. h3 Rd6 30. g4 g6 31. Kf3 Rcd8 32. c3 dxc3 33. Rxd6 Rxd6 34. Bxc3 b4 35. axb4 axb4 36. Be5 Rxd2 37. gxf5 gxf5 38. Rc1 Nxe5+ 39. fxe5 Ke6 40. Rc5 b3 41. Rb5 b2 42. Kf4 Rf2+ 43. Kg5 Rg2+ 44. Kf4 Rf2+ 45. Kg5 Re2 46. Kf4 h6 47. Rb6+ Kd5 48. Kxf5 Rf2+ 49. Kg4 Kxe5 0-1


[Site "https://www.chess.com"]

[Event "Titled Tuesday Blitz January 25 2022"]
[White "Mirzoev, Azer"]
[Black "Jakubowski, Krzysztof"]
[WhiteFideId "13400304"]
[BlackFideId "1112848"]
[WhiteElo "2525"]
[BlackElo "2365"]
[Result "1-0"]
[Round "10"]
[TimeControl "180+1"]
[Date "2022.01.26"]
[WhiteClock "0:01:44"]
[BlackClock "0:00:34"]

1. c4 b6 2. Nc3 Bb7 3. e4 e5 4. Nf3 Nc6 5. Be2 Bc5 6. O-O d6 7. d3 Nge7 8. a3 Nd4 9. b4 Nxf3+ 10. Bxf3 Bd4 11. Bd2 O-O 12. Rb1 Qd7 13. Nb5 c5 14. Nxd4 cxd4 15. Bg4 Qc7 16. f4 Bc8 17. f5 f6 18. Bf3 a5 19. bxa5 bxa5 20. h4 Bd7 21. g4 Rfb8 22. g5 Rxb1 23. Qxb1 Rb8 24. Qe1 Rb3 25. Bxa5 Qb8 26. Be2 Nc6 27. Bd2 Rxa3 28. Qg3 Kh8 29. Rf2 fxg5 30. Bxg5 Qb1+ 31. Kh2 Ra1 32. Bf1 h6 33. Bxh6 1-0


[Site "https://www.chess.com"]

[Event "Titled Tuesday Blitz January 25 2022"]
[White "Mitusov, Semen"]
[Black "Zong, Davis"]
[WhiteFideId "14151049"]
[BlackFideId "30903955"]
[WhiteElo "2246"]
[BlackElo "2061"]
[Result "1-0"]
[Round "10"]
[TimeControl "180+1"]
[Date "2022.01.26"]
[WhiteClock "0:01:21"]
[BlackClock "0:00:22"]

1. e4 e5 2. Nf3 Nc6 3. Bc4 Nf6 4. d3 Be7 5. Nc3 O-O 6. O-O d6 7. Be3 Na5 8. Bb3 Nxb3 9. axb3 c6 10. d4 Qc7 11. h3 a6 12. Qe2 b5 13. dxe5 dxe5 14. Bg5 h6 15. Bh4 Be6 16. Rfd1 Rfd8 17. Bg3 Nd7 18. Rd2 f6 19. Rad1 a5 20. Nd4 Bf7 21. Nf5 Bf8 22. Qg4 Kh8 23. Nxh6 Be8 24. Nf7+ Kg8 25. Nxd8 Rxd8 26. Bh4 Kh8 27. Ne2 Bb4 28. c3 Bc5 29. Ng3 Bf8 30. Nh5 Qb7 31. Ng3 Qc7 32. Nf5 a4 33. bxa4 bxa4 34. Bg3 Rb8 35. Nxg7 Bf7 1-0


[Site "https://www.chess.com"]

[Event "Titled Tuesday Blitz January 25 2022"]
[White "Nazaretyan, Tigran"]
[Black "Zelbel, Patrick"]
[WhiteFideId "24162345"]
[BlackFideId "24624322"]
[WhiteElo "2192"]
[BlackElo "2493"]
[Result "1/2-1/2"]
[Round "10"]
[TimeControl "180+1"]
[Date "2022.01.26"]
[WhiteClock "0:00:52"]
[BlackClock "0:00:14"]

1. d4 g6 2. e4 Bg7 3. c4 c5 4. d5 e6 5. Nc3 d6 6. Bd3 Ne7 7. Nge2 O-O 8. O-O a6 9. a4 Nd7 10. f4 exd5 11. cxd5 f5 12. Ng3 Nf6 13. e5 dxe5 14. Bc4 Kh8 15. fxe5 Ng4 16. e6 Qd6 17. Bf4 Be5 18. Qd2 Rd8 19. h3 Bxf4 20. Qxf4 Qxf4 21. Rxf4 Ne3 22. Re1 Nxc4 23. Rxc4 b6 24. a5 Bb7 25. axb6 Rac8 26. Re5 Bxd5 27. Nxd5 Rxd5 28. b7 Rxe5 29. bxc8=Q+ Nxc8 30. b4 Nb6 31. Rxc5 Rxe6 32. Kf2 Kg7 33. Ne2 Re4 34. Rc7+ Kg8 35. Ra7 Rxb4 36. Rxa6 Kf7 37. Ra7+ Kg8 38. Kf3 Nd5 39. g4 Rb3+ 40. Kg2 f4 41. Nd4 Rg3+ 42. Kh2 Rd3 43. Ne6 Rd2+ 44. Kg1 Re2 45. Ng5 h5 46. gxh5 gxh5 47. Rd7 Ne3 48. Ne6 f3 49. Rg7+ Kh8 50. Rf7 Rg2+ 51. Kh1 Rf2 52. Ng5 Rf1+ 53. Kh2 f2 54. Ne4 Re1 55. Nxf2 Re2 56. Kg3 Kg8 57. Rf3 Nf1+ 58. Kh4 Nd2 59. Rf4 Re5 60. Nd3 Rb5 61. Rb4 Rxb4+ 62. Nxb4 Nf1 63. Kxh5 Ne3 64. Kg5 Ng2 65. Nd3 Kg7 66. Nf4 Nxf4 67. Kxf4 Kh7 68. Kg4 Kg7 69. Kg5 Kh7 70. Kh5 Kg7 71. Kg4 Kh7 72. h4 Kg7 73. Kg5 Kh7 74. Kh5 Kg7 75. Kg5 Kh7 76. h5 Kg7 77. h6+ Kh7 78. Kh5 Kh8 79. Kg6 Kg8 80. h7+ Kh8 81. Kh6 1/2-1/2


[Site "https://www.chess.com"]

[Event "Titled Tuesday Blitz January 25 2022"]
[White "Nozdrachev, Leonid"]
[Black "Dronavalli, Harika"]
[WhiteFideId "24113433"]
[BlackFideId "5015197"]
[WhiteElo "2124"]
[BlackElo "2382"]
[Result "0-1"]
[Round "10"]
[TimeControl "180+1"]
[Date "2022.01.26"]
[WhiteClock "0:00:26"]
[BlackClock "0:02:08"]

1. e4 c5 2. c3 d5 3. exd5 Qxd5 4. d4 Nc6 5. Nf3 Bf5 6. Na3 cxd4 7. Nb5 O-O-O 8. cxd4 e5 9. Be2 exd4 10. Nfxd4 Nxd4 11. Nxd4 Qxd4 12. Bd2 Bb4 13. Rc1+ Kb8 14. O-O Bxd2 15. Rc4 Qd7 0-1


[Site "https://www.chess.com"]

[Event "Titled Tuesday Blitz January 25 2022"]
[White "Odegov, Artem"]
[Black "Ruperez Benito, Antonio"]
[WhiteFideId "34183644"]
[BlackFideId "22245049"]
[WhiteElo "2277"]
[BlackElo "2249"]
[Result "1-0"]
[Round "10"]
[TimeControl "180+1"]
[Date "2022.01.26"]
[WhiteClock "0:00:28"]
[BlackClock "0:00:18"]

1. d4 Nf6 2. c4 e6 3. Nf3 d5 4. Nc3 Bb4 5. Bg5 O-O 6. e3 c5 7. Be2 cxd4 8. exd4 h6 9. Bxf6 Qxf6 10. O-O dxc4 11. Bxc4 Nc6 12. Ne4 Qf4 13. Qc2 Rd8 14. Rad1 Be7 15. Rfe1 a6 16. a3 b5 17. Bxb5 axb5 18. Qxc6 Rb8 19. Ne5 Bb7 20. Qc7 Bxe4 21. Qxe7 Bd5 22. Re3 Re8 23. Qb4 f6 24. Nd7 Qg4 25. f3 Qg5 26. Qd2 Rbd8 27. Nc5 h5 28. Rde1 h4 29. Qf2 h3 30. g3 Rd6 31. f4 Qg4 32. R3e2 Rc8 33. b4 Ra8 34. Re3 Rb6 35. Qe2 Qf5 36. Qd3 Qg4 37. Qd1 Qf5 38. Qb1 Qg4 39. Qd3 Rd6 40. Qxb5 Bc6 41. Qc4 Rad8 42. Qe2 Qf5 43. Nxe6 Re8 44. Nxg7 Rxe3 45. Nxf5 Rxe2 46. Rxe2 Rd5 47. Ne7+ Kf7 48. Nxd5 Bxd5 49. Rc2 Be4 50. Rc7+ Ke6 51. Rc5 f5 52. Kf2 Bd5 53. Ke3 Be4 54. Re5+ Kd6 55. Rxe4 fxe4 56. Kxe4 Ke6 57. d5+ 1-0


[Site "https://www.chess.com"]

[Event "Titled Tuesday Blitz January 25 2022"]
[White "Osmak, Yuliia"]
[Black "Tikhonov, Viacheslav"]
[WhiteFideId "14101602"]
[BlackFideId "44196407"]
[WhiteElo "2302"]
[BlackElo "1773"]
[Result "1/2-1/2"]
[Round "10"]
[TimeControl "180+1"]
[Date "2022.01.26"]
[WhiteClock "0:00:08"]
[BlackClock "0:00:09"]

1. e4 e6 2. d4 d5 3. e5 c5 4. c3 Qb6 5. Nf3 Nc6 6. Bd3 cxd4 7. O-O Nge7 8. Re1 Bd7 9. h4 Rc8 10. a3 Nf5 11. Bxf5 exf5 12. cxd4 Be6 13. Nc3 Na5 14. Na4 Qb3 15. Bd2 Qxd1 16. Rexd1 Nb3 17. Rab1 Be7 18. Bg5 h6 19. Bxe7 Kxe7 20. Rd3 Na5 21. Rc3 b6 22. Rbc1 Bd7 23. Rxc8 Rxc8 24. Rxc8 Bxc8 25. Nc3 Be6 26. Nd2 a6 27. b4 Nc6 28. Nb3 f4 29. Na4 b5 30. Nac5 Bc8 31. g3 fxg3 32. fxg3 f6 33. exf6+ Kxf6 34. Kf2 Kf5 35. Kf3 h5 36. Nd3 g5 37. hxg5 Kxg5 38. Nf4 Bg4+ 39. Ke3 Ne7 40. Nc5 Nf5+ 41. Kf2 Nxd4 42. Nxa6 Nc2 43. Nxd5 Nxa3 44. Nac7 Bd7 45. Nc3 Kf5 46. Kf3 Ke5 47. Ke3 Kd6 48. N7d5 Ke5 49. Nf4 Nc4+ 50. Kf2 Be8 51. Nd3+ Kd4 52. Nxb5+ Bxb5 53. Nf4 Be8 54. Ne6+ Kc3 55. Ng7 Bg6 56. b5 Kb4 57. Kf3 Kxb5 58. Kf4 Kc5 59. Kg5 Bf7 60. Nxh5 Kd6 61. Nf4 Ke5 62. g4 Nd6 63. Nd3+ Kd4 64. Nf4 Ke5 65. Nd3+ Ke6 66. Nf4+ Ke7 67. Nd3 Bc4 68. Ne5 Bd5 69. Kf4 Ke6 70. g5 Ne8 71. Nf3 Ng7 72. Nd4+ Kf7 73. Nf5 Bb3 74. Nxg7 Kxg7 75. Kf5 Bc2+ 76. Kf4 Bg6 77. Kg4 Kf7 78. Kf4 Kg7 79. Kg4 Kf7 80. Kf4 Kg7 1/2-1/2


[Site "https://www.chess.com"]

[Event "Titled Tuesday Blitz January 25 2022"]
[White "Pap, Gyula"]
[Black "Nesterov, Arseniy"]
[WhiteFideId "725323"]
[BlackFideId "24198455"]
[WhiteElo "2553"]
[BlackElo "2489"]
[Result "0-1"]
[Round "10"]
[TimeControl "180+1"]
[Date "2022.01.26"]
[WhiteClock "0:00:01"]
[BlackClock "0:00:04"]

1. e4 e5 2. Nf3 Nc6 3. Nc3 Nf6 4. d4 exd4 5. Nxd4 Nxe4 6. Nxe4 Qe7 7. f3 d5 8. Bb5 Bd7 9. Bxc6 bxc6 10. O-O dxe4 11. Qe2 g6 12. Qxe4 Qxe4 13. fxe4 Bg7 14. c3 O-O 15. Bf4 Rfe8 16. Rfe1 Rab8 17. Nb3 Be6 18. Bxc7 Rb7 19. Bd6 Bxb3 20. axb3 Rxb3 21. Rxa7 Rxb2 22. e5 Rd2 23. Rf1 Bxe5 24. Bxe5 Rxe5 25. Raxf7 Rc2 26. Rf8+ Kg7 27. R8f7+ Kh6 28. R7f3 Ree2 29. Rg3 Kg7 30. h3 h5 31. Rff3 Re1+ 32. Rf1 Rxf1+ 33. Kxf1 Kf6 34. h4 c5 35. Ke1 c4 36. Rf3+ Ke6 37. Rg3 Kf5 38. Rg5+ Kf6 39. Rg3 Ra2 40. Rf3+ Ke6 41. Rg3 Kf5 42. Rg5+ Kf6 43. Rg3 Rc2 44. Rf3+ Ke5 45. Rg3 Kf5 46. Rg5+ Kf4 47. Rxg6 Rxc3 48. Rg5 Rc2 49. Kd1 Ra2 50. Rxh5 Rxg2 51. Rh8 Ke4 52. Re8+ Kd3 53. Rd8+ Kc3 54. Rd6 Rh2 0-1


[Site "https://www.chess.com"]

[Event "Titled Tuesday Blitz January 25 2022"]
[White "Papp, Petra"]
[Black "Hakemi, Arman"]
[WhiteFideId "739049"]
[BlackFideId "22520805"]
[WhiteElo "2259"]
[BlackElo "2208"]
[Result "0-1"]
[Round "10"]
[TimeControl "180+1"]
[Date "2022.01.26"]
[WhiteClock "0:00:02"]
[BlackClock "0:01:03"]

1. d4 g6 2. e4 Bg7 3. Nc3 d6 4. Be3 a6 5. Qd2 b5 6. O-O-O Bb7 7. f3 Nd7 8. h4 h6 9. Kb1 e6 10. Nge2 Nb6 11. Nf4 Ne7 12. Bd3 Rc8 13. Qf2 d5 14. g4 Nc4 15. Bc1 dxe4 16. Bxe4 Bxe4 17. fxe4 b4 18. Nce2 Nd6 19. Qe3 Rb8 20. g5 Qd7 21. d5 exd5 22. Nxd5 hxg5 23. hxg5 Rxh1 24. Rxh1 Nxd5 25. exd5+ Kf8 26. Nd4 Nc4 27. Qf4 Qxd5 28. Qxc7 Re8 29. Rd1 Bxd4 30. Qf4 Rd8 31. Qh4 Kg8 32. Rh1 Bg7 33. Qh7+ Kf8 34. Rf1 Nd2+ 35. Bxd2 Qxd2 0-1


[Site "https://www.chess.com"]

[Event "Titled Tuesday Blitz January 25 2022"]
[White "Pavlidou, Ekaterini"]
[Black "Galyas, Miklos"]
[WhiteFideId "4213262"]
[BlackFideId "707244"]
[WhiteElo "2127"]
[BlackElo "2409"]
[Result "1-0"]
[Round "10"]
[TimeControl "180+1"]
[Date "2022.01.26"]
[WhiteClock "0:00:28"]
[BlackClock "0:00:04"]

1. d4 d5 2. c4 c6 3. Nf3 Nf6 4. Nbd2 Bf5 5. Nh4 Be6 6. e3 g6 7. Bd3 Bg7 8. b3 O-O 9. Bb2 c5 10. O-O cxd4 11. exd4 Nc6 12. c5 b6 13. a3 Bg4 14. Nhf3 bxc5 15. dxc5 e5 16. Bb5 Nd4 17. Bxd4 exd4 18. h3 Bh5 19. Qc2 Rc8 20. b4 Ne4 21. Nxe4 d3 22. Bxd3 Bxf3 23. Nd6 Qg5 24. g3 Bxa1 25. Rxa1 Rcd8 26. Re1 Qh5 27. Bf1 d4 28. Qc4 Ba8 29. Bg2 Bxg2 30. Kxg2 Qg5 31. Qxd4 Rd7 32. Re5 Qd8 33. Rd5 Qa8 34. b5 Re7 35. c6 Re1 36. Ne4 Qc8 37. Nf6+ Kh8 38. Rd7 Qb8 39. Ne8+ f6 40. Nxf6 Qe5 41. Rxh7# 1-0


[Site "https://www.chess.com"]

[Event "Titled Tuesday Blitz January 25 2022"]
[White "Pesotskiy, Mikhail"]
[Black "Tsyhanchuk, Stanislav"]
[WhiteFideId "34164453"]
[BlackFideId "13505130"]
[WhiteElo "2010"]
[BlackElo "2078"]
[Result "0-1"]
[Round "10"]
[TimeControl "180+1"]
[Date "2022.01.26"]
[WhiteClock "0:00:56"]
[BlackClock "0:00:34"]

1. c4 c6 2. d4 d5 3. Nf3 Nf6 4. Nbd2 Bf5 5. Nh4 Bg6 6. Qb3 Qb6 7. Qh3 Nbd7 8. Nxg6 fxg6 9. e3 Kf7 10. Nf3 h6 11. Ng5+ hxg5 12. Qxh8 e6 13. a3 Bb4+ 14. axb4 Rxh8 15. Bd2 a6 16. c5 Qc7 17. g3 e5 18. Bd3 e4 19. Be2 Nf8 20. Kd1 g4 21. Kc2 Ne6 22. Bf1 Ng5 23. Bg2 Nf3 24. h3 gxh3 25. Bxh3 Rh6 26. Raf1 g5 27. Ra1 g4 28. Bg2 Nxd2 29. Kxd2 Qd8 30. Kc3 Kg6 31. Kb3 Qh8 32. Rxh6+ gxh6 33. Rh1 h5 34. Bf1 Kg5 35. Be2 Qf8 36. Kc3 Nh7 37. Rh2 Kg6 38. Kd2 Ng5 39. Kd1 Nf3 40. Rh1 Ng5 41. Rh2 Nh3 42. Ke1 Ng1 43. Rh1 Nxe2 0-1


[Site "https://www.chess.com"]

[Event "Titled Tuesday Blitz January 25 2022"]
[White "Petesch, Gabriel"]
[Black "Bambino Filho, Antonio Carlos"]
[WhiteFideId "2032465"]
[BlackFideId "2113163"]
[WhiteElo "2374"]
[BlackElo "2449"]
[Result "1-0"]
[Round "10"]
[TimeControl "180+1"]
[Date "2022.01.26"]
[WhiteClock "0:01:35"]
[BlackClock "0:01:42"]

1. Nf3 c5 2. b3 d5 3. Bb2 Nf6 4. e3 a6 5. Be2 g6 6. O-O Bg7 7. c4 O-O 8. cxd5 Qxd5 9. Nc3 Qd6 10. d4 cxd4 11. Qxd4 Qxd4 12. Nxd4 Bd7 13. Bf3 e5 14. Nc2 Bc6 15. Nb4 Bxf3 16. gxf3 Nbd7 17. Rfd1 Rfd8 18. Nbd5 Nxd5 19. Nxd5 Rac8 20. Ne7+ 1-0


[Site "https://www.chess.com"]